 Dungeon Crawl Stone Soup version 0.19.1-1-g22dce08 (webtiles) character file.

310 galech the Shield-Bearer (level 6, 0/38 HPs)
             Began as a Gargoyle Fighter on Jan 17, 2017.
             Killed by divine providence
             ... invoked by an orc priest
              (13 damage)
             ... on level 4 of the Dungeon.
             The game lasted 00:06:40 (2571 turns).

galech the Shield-Bearer (Gargoyle Fighter)         Turns: 2571, Time: 00:06:41

Health: 0/38       AC: 13    Str: 22    XL:     6   Next: 41%
Magic:  6/6        EV:  8    Int:  8    God:    Xom [.....*]
Gold:   149        SH: 10    Dex:  9    Spells: 0 memorised, 5 levels left

rFire  . . .     SeeInvis .     a - +0 flail
rCold  . . .     Gourm    .     b - +0 scale mail
rNeg   + . .     Faith    .     c - +0 shield
rPois  ∞         Spirit   .     (no helmet)
rElec  +         Reflect  .     (no cloak)
rCorr  +         Harm     .     y - +0 pair of gloves
MR     .....                    m - +0 pair of boots
Stlth  ..........               v - amulet of regeneration
                                (no ring)
                                C - ring of resist corrosion

@: disjoining, very slightly contaminated
A: negative energy resistance 1, electricity resistance, unbreathing,
petrification resistance, rot immunity, AC +4
a: Renounce Religion


You were on level 4 of the Dungeon.
You worshipped Xom.
You were Xom's teddy bear.
You were not hungry.

You visited 1 branch of the dungeon, and saw 4 of its levels.

You collected 149 gold pieces.

Inventory:

Hand Weapons
 a - a +0 flail (weapon)
Armour
 b - a +0 scale mail (worn)
 c - a +0 shield (worn)
 m - a +0 pair of boots (worn)
 y - a +0 pair of gloves (worn)
Jewellery
 v - an amulet of regeneration (around neck)
 C - a ring of resist corrosion (left hand)
 D - an uncursed amulet of magic regeneration
Scrolls
 i - 2 scrolls of remove curse {unknown}
 k - a scroll of fear {unknown}
 n - 5 scrolls of identify {unknown}
 o - a scroll of magic mapping {unknown}
 q - 2 scrolls of teleportation {unknown}
 r - a scroll of amnesia {unknown}
 s - a scroll of enchant weapon {unknown}
 A - a scroll of immolation {unknown}
 B - 2 scrolls of noise {unknown}
 F - a scroll of enchant armour {unknown}
Potions
 d - 2 potions of might
 e - a potion of flight {unknown}
 l - 2 potions of lignification {unknown}
 p - a potion of agility {unknown}
 u - a potion of resistance {unknown}
 w - a potion of berserk rage {unknown}
 x - 2 potions of heal wounds {unknown}
 z - 2 potions of curing {unknown}
 E - a potion of haste {unknown}
Comestibles
 f - 4 bread rations
 g - a fruit
 h - a beef jerky
 j - 11 chunks of flesh
 t - 2 meat rations


   Skills:
 + Level 4.0 Fighting
 + Level 4.0 Maces & Flails
 + Level 4.1 Armour
 + Level 1.0 Dodging
 + Level 1.0 Stealth
 + Level 5.0 Shields


You had 5 spell levels left.
You didn't know any spells.

Dungeon Overview and Level Annotations

Branches:
Dungeon (4/15)
 Temple: D:4-7

Altars:
Xom


Innate Abilities, Weirdness & Mutations

You are resistant to torment.
Your stone body is resilient. (AC +4)
You are immune to poison.
You resist negative energy. (rN+)
You are resistant to electric shocks. (rElec)
You can survive without breathing.
You are immune to petrification.
You are immune to rotting.


Message History

You block the orc's attack.
A leopard gecko comes into view.
The orc priest invokes the aid of Beogh against you.
Pain shoots through your body!
The leopard gecko hisses angrily.
Xom guffaws.
You are very lightly contaminated with residual magic.
The orc priest blinks!
The orc blinks! x2
The orc hits you from afar with a trident.
The orc priest calls down the wrath of Beogh upon you.
Pain shoots through your body!
The orc priest calls down the wrath of Beogh upon you.
Beogh smites you!
The orc blinks! x2; The orc priest blinks!
You closely miss the orc priest.
The leopard gecko blinks!
The orc priest blinks!
The orc blinks!
The orc priest mumbles some strange prayers to Beogh against you.
Beogh smites you!
You die...
Xom thinks this is hilarious!

####....##..#
#..#.....#..+ ...
.......o%#..# ...
...o....#..# ...
...§§##..# ..# #..
#...##..###..# #..
#..##...##.......######..
......l.@§..........)....
.....oo.##>..##..##......
........##...###+##..##..
#..##...##..§....##..##..
#. #...##.......#.......
. .....#.......'.....†.
#.....#.......##..##..
##...##...##?.##..##..
##...###########...#..


You could see an orc priest, 3 orcs and a leopard gecko.

Vanquished Creatures
  Terence (D:2)
  4 worker ants
  5 adders
  An ooze (D:1)
  3 worms
  The ghost of dscm the Covered, a weakling GrFi (D:4)
  A leopard gecko (D:4)
  2 orcs (D:3)
  2 ball pythons
  3 bats
  8 giant cockroaches
  5 goblins
  5 hobgoblins
  8 jackals (D:1)
  5 frilled lizards
  9 kobolds
  10 rats
73 creatures vanquished.

Vanquished Creatures (collateral kills)
  A hound (D:4)
  An iguana (D:4)
  An orc wizard (D:3)
  4 orcs (D:3)
  2 goblins (D:3)
9 creatures vanquished.

Grand Total: 82 creatures vanquished

Notes
Turn   | Place    | Note
-------+----------+-------------------------------------------
     0 | D:1      | galech the Gargoyle Fighter began the quest for the Orb.
     0 | D:1      | Reached XP level 1. HP: 14/14 MP: 1/1
   170 | D:1      | Reached XP level 2. HP: 11/19 MP: 2/2
   831 | D:1      | Reached XP level 3. HP: 19/23 MP: 3/3
  1233 | D:2      | Reached XP level 4. HP: 25/28 MP: 4/4
  1342 | D:2      | Found a shimmering altar of Xom.
  1356 | D:2      | Became a worshipper of Xom of Bone-Dry Humour
  1384 | D:2      | Noticed Terence
  1385 | D:2      | XOM: potion effect (might)
  1393 | D:2      | Killed Terence
  1393 | D:2      | Reached skill level 1 in Dodging
  1393 | D:2      | Reached skill level 4 in Shields
  1759 | D:3      | Reached XP level 5. HP: 33/33 MP: 5/5
  1763 | D:3      | Reached skill level 1 in Stealth
  2312 | D:4      | Reached XP level 6. HP: 38/38 MP: 6/6
  2415 | D:4      | Noticed dscm's ghost (weakling GrFi)
  2428 | D:4      | Killed dscm's ghost
  2503 | D:4      | XOM: summons 6 friendly demons
  2505 | D:4      | Reached skill level 5 in Shields
  2568 | D:4      | XOM: cast spell 'Disjunction'
  2571 | D:4      | Killed from afar by an orc priest

Skill      XL: |  1  2  3  4  5  6 |
---------------+-------------------+-----
Maces & Flails | 3 4 |  4.0
Dodging        | 1 |  1.0
Shields        | 4 5 |  5.0
Armour         | 4 |  4.1
Stealth        | 1 |  1.0
Fighting       | 4 |  4.0

Action                   |  1- 3 |  4- 6 || total
-------------------------+-------+-------++-------
Melee: Flail             |   182 |   172 ||   354
  Eat: Chunk             |     1 |     5 ||     6
Armor: Scale mail        |   175 |   103 ||   278
Dodge: Dodged            |    91 |    71 ||   162
Block: Shield            |   108 |   112 ||   220
